 Seeded DCSS version 0.29.1-15-g9cfb28693d (webtiles) character file.

Game seed: 8515177902725472229 (custom seed)

50 Psyclone the Conjurer (level 3, 4/19 HPs)
             Began as a Deep Elf Conjurer on Oct 4, 2023.
             Quit the game on level 2 of the Dungeon.
             The game lasted 00:02:22 (274 turns).

Psyclone the Conjurer (Deep Elf Conjurer)            Turns: 274, Time: 00:02:22

Health: 4/19       AC:  3    Str:  4    XL:     3   Next: 55%
Magic:  3/10       EV: 13    Int: 28    God:
Gold:   869        SH:  0    Dex: 13    Spells: 6/9 levels left

rFire   + . .      SeeInvis .   e - +0 dagger
rCold   . . .      Faith    .   (no shield)
rNeg    . . .      Spirit   .   a - +0 robe
rPois   .          Reflect  .   (no helmet)
rElec   .          Harm     .   (no cloak)
rCorr   .          Rampage  .   (no gloves)
Will    +....                   (no boots)
Stlth   ++........              d - amulet of Tydoiqus {Acrobat Int+4}
HPRegen 0.06/turn               (no ring)
MPRegen 0.12/turn               (no ring)

@: no status effects
A: fire resistance 1, strong-willed 1, shaggy fur 1, wild magic 1
a: no special abilities


You were on level 2 of the Dungeon.
You visited 1 branch of the dungeon, and saw 2 of its levels.

You collected 869 gold pieces.

Inventory:

Hand Weapons
 e - a +0 dagger (weapon)
Missiles
 f - 2 throwing nets {!f}
Armour
 a - a +0 robe (worn)
Jewellery
 d - the amulet of Tydoiqus (around neck) {Acrobat Int+4}
   (You acquired it on level 1 of the Dungeon)

   [amulet of the acrobat]

   It increases your evasion while moving and waiting.
   Int:       It affects your intelligence (+4).
Potions
 b - a potion of magic
 c - a potion of curing {unknown}


   Skills:
 + Level 3.1 Dodging
 + Level 3.3 Stealth
 + Level 3.7 Spellcasting
 + Level 4.8 Conjurations


You had 6 spell levels left.
You knew the following spells:

 Your Spells              Type           Power      Damage    Failure   Level
a - Magic Dart            Conj           100%       1d8       2%          1
b - Searing Ray           Conj           82%        2d7       3%          2

Your spell library contained the following spells:

 Spells                   Type           Power      Damage    Failure   Level
 Dazzling Flash           Conj/Hex       48%        N/A       13%         3
 Mephitic Cloud           Conj/Pois/Air  18%        N/A       17%         3
 Ignite Poison            Fire/Tmut/Pois 6%         N/A       30%         3
 Summon Guardian Golem    Hex/Summ       6%         N/A       30%         3
 Fulminant Prism          Conj/Hex       12%        3d9       36%         4
 Iskenderun's Mystic Bla  Conj/Tloc      24%        2d7       36%         4
 Freezing Cloud           Conj/Ice/Air   9%         6-21      80%         5
 Orb of Destruction       Conj           20%        9d8       100%        7
 Spellforged Servitor     Conj/Summ      12%        N/A       100%        7


Dungeon Overview and Level Annotations

Branches:
Dungeon (2/15) Zot: 11726

Altars:
Xom


Innate Abilities, Weirdness & Mutations

Your flesh is heat resistant. (rF+)
You are strong-willed. (Will+)
You are covered in fur. (AC +1)
Your spells are a little harder to cast, but a little more powerful.


Message History

You kill the gnoll!
The searing ray hits the gnoll.
You kill the gnoll!
The searing ray hits the gnoll!
The gnoll is heavily wounded.
Your Dodging skill increases to level 3!
Your Stealth skill increases to level 3!
You have reached level 3!
Your experience leads to an increase in your attributes!
Your base attributes are Str 4, Int 22, Dex 13.
Increase (S)trength, (I)ntelligence, or (D)exterity?
You feel clever. x2
You now have 3/10 mp.
The searing ray hits the gnoll.
The gnoll is almost dead.
You now have 2/10 mp.
The searing ray hits the gnoll!
You kill the gnoll!
You finish channelling your searing ray.
You now have 1/10 mp.
Things that are here:
a +0 whip; a gnoll corpse
Items here: ))) †.
Your magical contamination has completely faded away.
f - 2 throwing nets {!f}
Things that are here:
a +0 spear; a gnoll corpse
g - 3 scrolls of acquirement You see here a Trismegistus Codex.
Something appears at your feet! Something appears at your feet!
You see here a book of Dangerous Friends.
Something appears at your feet!
You pick up a book of Dangerous Friends and begin reading...
You add the spells Summon Guardian Golem, Orb of Destruction and Spellforged Servitor to your library.
You now have 869 gold pieces (gained 860).
You pick up a Trismegistus Codex and begin reading...
You add the spells Ignite Poison, Mephitic Cloud and Freezing Cloud to your library.
Unknown command.
Unknown command.
Are you sure you want to abandon this character and quit the game? (Confirm with "yes".)

#.########
#......@.#
########.#
#)# #)#
#)# #.#
#.# #.#
#.#


There were no monsters in sight!

Vanquished Creatures
  4 gnolls (D:2)
  A ball python (D:2)
  A bat (D:1)
  A goblin (D:2)
  A hobgoblin (D:2)
  3 jackals (D:2)
  A frilled lizard (D:2)
  A rat (D:1)
13 creatures vanquished.

Notes
Turn   | Place    | Note
-------+----------+-------------------------------------------
     0 | D:1      | Psyclone the Deep Elf Conjurer began the quest for the Orb.
     0 | D:1      | Reached XP level 1. HP: 10/10 MP: 6/6
    54 | D:1      | Gained mutation: You are covered in fur. (AC +1) [potion of
                  | mutation]
    54 | D:1      | Gained mutation: Your spells are a little harder to cast,
                  | but a little more powerful. [potion of mutation]
    54 | D:1      | Gained mutation: You are strong-willed. (Will+) [potion of
                  | mutation]
    54 | D:1      | Gained mutation: Your flesh is heat resistant. (rF+)
                  | [potion of mutation]
   120 | D:1      | Identified a scroll of acquirement
   120 | D:1      | Acquired the amulet of Tydoiqus {Acrobat Int+4}
   151 | D:2      | Reached XP level 2. HP: 15/15 MP: 2/8
   208 | D:2      | Learned a level 2 spell: Searing Ray
   210 | D:2      | Found a shimmering altar of Xom.
   259 | D:2      | Reached XP level 3. HP: 4/19 MP: 3/10
   268 | D:2      | Acquired a Trismegistus Codex
   269 | D:2      | Acquired 860 gold pieces
   270 | D:2      | Acquired a book of Dangerous Friends
   274 | D:2      | Quit the game

Illustrated notes

Levels and vault maps discovered:
D:1:      sevenhm_arrival_forest_fort_large_4, layout_basic,
          nrook_loot_triangle, minmay_lizard_pond
D:2:      layout_loops_ring, basic_altar, serial_shops,
          nicolae_shop_temple_entry_statues_fountains

Skill      XL: |  1  2 |
---------------+-------+-----
Dodging        | 3 |  3.1
Stealth        | 3 |  3.3
Spellcasting   | |  3.7
Conjurations   | |  4.8

Action                   || total
-------------------------++-------
 Cast: Magic Dart        ||    10
       Searing Ray       ||     1
  Use: Scroll            ||     4
       Potion            ||     1
Armor: Robe              ||     1
Dodge: Dodged            ||     8
